 Dungeon Sprint DCSS version 0.22-a0-42-g002c468 (webtiles) character file.

105 Faca the Chopper (level 4, 3/44 (45) HPs)
             Began as a Deep Dwarf Fighter on Jan 5, 2018.
             Quit the game in the Dungeon (Sprint IX: "|||||||||||||||||||||||||||||").
             The game lasted 00:00:33 (58 turns).

Faca the Chopper (Deep Dwarf Fighter)                 Turns: 58, Time: 00:00:33

HP:   3/44 (45)     AC:  7    Str: 20    XL:     4   Next: 54%
MP:   4/4           EV:  7    Int:  9    God:
Gold: 0             SH: 10    Dex: 12    Spells: 3/3 levels left

rFire    . . .     SeeInvis .   a - +0 war axe
rCold    . . .     Gourm    .   c - +0 shield
rNeg     . . .     Faith    .   b - +0 scale mail
rPois    .         Spirit   .   (no helmet)
rElec    .         Reflect  .   (no cloak)
rCorr    .         Harm     .   (no gloves)
MR       .....     NoTele   +   (no boots)
Stlth    ..........             (no amulet)
HPRegen  0.00/turn              (no ring)
MPRegen  0.09/turn              (no ring)

@: non-regenerating, diseased
A: damage resistance, heal wounds, sense surroundings 1, no regeneration
a: Heal Wounds


You were in the Dungeon.
You were not hungry.

You visited 1 branch

Inventory:

Hand Weapons
 a - a +0 war axe (weapon)
Armour
 b - a +0 scale mail (worn)
 c - a +0 shield (worn)
Scrolls
 k - a scroll of blinking
Potions
 d - a potion of might
 e - a potion of curing
 g - a potion of heal wounds
 h - a potion of haste
 i - 2 potions of magic
 j - a potion of berserk rage
Comestibles
 f - a ration


   Skills:
 + Level 4.5 Fighting
 * Level 6.6 Axes
 + Level 5.5 Armour
 + Level 5.5 Shields


You had 3 spell levels left.
You didn't know any spells.

Dungeon Overview and Level Annotations

Branches:
Dungeon (1/1)

Altars:


Innate Abilities, Weirdness & Mutations

You are resistant to damage.
You can heal yourself by infusing magical energy.
You passively map a small area around you.
You do not regenerate.


Message History

* * * LOW HITPOINT WARNING * * *
You closely miss the necrophage.
The necrophage is severely damaged.
The necrophage barely misses you.
You hit the necrophage.
You destroy the necrophage!
Your Fighting skill increases to level 4!
Your Axes skill gained 2 levels and is now at level 6!
Your Armour skill increases to level 5!
Your Shields skill increases to level 5!
You have reached level 3!
Your experience leads to an increase in your attributes!
Increase (S)trength, (I)ntelligence, or (D)exterity?
You feel stronger.
You have reached level 4!
You feel clever.
There is an open door, spattered with blood here.
Things that are here:
a necrophage corpse; a ball python corpse; a leopard gecko corpse Are you sure you want to abandon this character and quit the game? (Confirm with "yes".)

* *
* ,
▓+▓
,
▓@▓
,▓.▓
,
▓.▓
*,
▓.▓
,
,▓.▓
▓†▓
▓.▓
,
▓.▓
*
▓.▓


There were no monsters in sight!

Vanquished Creatures
  A necrophage (D)
  An adder (D)
  2 leopard geckos (D)
  A hobgoblin (D)
  A ball python (D)
  A bat (D)
  A frilled lizard (D)
  A goblin (D)
  A kobold (D)
10 creatures vanquished.

Notes
Turn   | Place    | Note
-------+----------+-------------------------------------------
     0 | D        | Faca the Deep Dwarf Fighter began the quest for the Orb.
     0 | D        | Reached XP level 1. HP: 20/20 MP: 1/1
    14 | D        | Reached skill level 3 in Axes
    25 | D        | Noticed a necrophage
    32 | D        | Reached XP level 2. HP: 21/28 MP: 2/2
    34 | D        | Reached skill level 4 in Axes
    51 | D        | Killed a necrophage
    51 | D        | Reached skill level 6 in Axes
    51 | D        | Reached skill level 5 in Armour
    51 | D        | Reached skill level 5 in Shields
    51 | D        | Reached XP level 3. HP: 3/36 MP: 3/3
    51 | D        | Reached XP level 4. HP: 3/44 MP: 4/4
    58 | D        | Quit the game

Vault maps used:
D:        linesprint

Skill      XL: |  1  2 |
---------------+-------+-----
Fighting       | 3 4 |  4.5
Axes           | 3 6 |  6.6
Armour         | 4 5 |  5.5
Shields        | 4 5 |  5.5

Action                   |  1- 3 |  4- 6 || total
-------------------------+-------+-------++-------
Melee: War axe           |    41 |       ||    41
Armor: Scale mail        |    13 |       ||    13
Dodge: Dodged            |     9 |       ||     9
Block: Shield            |    19 |       ||    19

Table legend:
 A = Spawn XP
 B = Non-spawn XP
 C = Spawn XP percentage of total XP
 D = Spawn monster count
 E = Non-spawn monster count
 F = Spawn count percentage of total count
 G = Total turns spent on level
                    A         B        C        D         E        F      G
               +---------+---------+-------+---------+---------+-------+---------
         Total |       0 |     151 |   0.0 |       0 |      10 |   0.0 |    58
               +---------+---------+-------+---------+---------+-------+---------
             D |       0 |     151 |   0.0 |       0 |      10 |   0.0 |    58
               +---------+---------+-------+---------+---------+-------+---------
